 Dungeon Crawl Stone Soup version 0.22.1-57-g7394efd (webtiles) character file.

90 smallpebble the Skirmisher (level 4, -1/40 HPs)
             Began as a Hill Orc Fighter on Mar 22, 2019.
             Was a Follower of Vehumet.
             Slain by an orc
             ... wielding a +0 flail
              (4 damage)
             ... on level 3 of the Dungeon.
             The game lasted 00:20:08 (2020 turns).

smallpebble the Skirmisher (Hill Orc Fighter)       Turns: 2020, Time: 00:20:09

Health: -1/40      AC:  7    Str: 18    XL:     4   Next: 56%
Magic:  4/4        EV: 10    Int:  8    God:    Vehumet [*.....]
Gold:   186        SH:  0    Dex: 11    Spells: 1/3 levels left

rFire    . . .     SeeInvis .   q - +0 lajatang
rCold    . . .     Gourm    .   (shield currently unavailable)
rNeg     . . .     Faith    .   b - +0 scale mail
rPois    .         Spirit   .   (no helmet)
rElec    .         Reflect  .   (no cloak)
rCorr    .         Harm     .   (no gloves)
MR       .....                  (no boots)
Stlth    ..........             (no amulet)
HPRegen  0.13/turn              (no ring)
MPRegen  0.09/turn              (no ring)

@: no status effects
A: no striking features
a: Renounce Religion


You were on level 3 of the Dungeon.
You worshipped Vehumet.
Vehumet was aware of your devotion.
You were hungry.

You visited 1 branch of the dungeon, and saw 3 of its levels.

You collected 186 gold pieces.

Inventory:

Hand Weapons
 a - a +0 long sword
 q - a +0 lajatang (weapon)
 s - a +0 blowgun
Missiles
 j - 11 curare-tipped needles
 k - 39 arrows
 t - 10 poisoned needles
Armour
 b - a +0 scale mail (worn)
 c - a +0 shield
 e - a +0 ring mail
 p - a +0 shield
 r - a +0 ring mail
Scrolls
 g - 5 scrolls of identify {unknown}
 h - 3 scrolls of remove curse
 i - a scroll of fog {unknown}
 l - 2 scrolls of enchant weapon {unknown}
 n - a scroll of random uselessness {unknown}
 o - a scroll of amnesia {unknown}
Potions
 d - 2 potions of might
 m - a potion of curing {unknown}
Comestibles
 f - 7 rations
 u - 6 chunks of flesh


   Skills:
 + Level 4.2 Fighting
 + Level 2.9 Long Blades
 + Level 3.9 Armour
 + Level 1.3 Dodging
 + Level 3.9 Shields


You had one spell level left.
You knew the following spells:

 Your Spells              Type           Power        Failure   Level  Hunger
a - Freeze                Ice            #...         78%         1    ##.....
b - Magic Dart            Conj           #...         78%         1    ##.....
Your spell library was empty.

Dungeon Overview and Level Annotations

Branches:
Dungeon (3/15)

Altars:
Hepliaklqana
Vehumet
Zin


Message History

The orc priest calls upon Beogh to heal the orc.
The orc's wounds heal themselves!
The orc priest hits you with a club. The orc barely misses you.
You hit the orc priest.
The orc priest is severely wounded.
The orc priest mumbles some strange prayers to Beogh against you.
Beogh smites you!
* * * LOW HITPOINT WARNING * * *
The orc barely misses you.
You are feeling hungry.
You hit the orc priest.
You kill the orc priest!
Vehumet accepts your kill. The orc hits you but does no damage.
An orc comes into view. It is wielding a hand axe.
The orc shouts!
You hit the orc.
The orc is heavily wounded.
The orc hits you with a flail.
You die...

###########.#####.# #.
#...........##....# #.
#####.############.####
#. .........# #.# #.
####.<##.# #.# #.
...........# #.# #.
.####.####.#
###.#############. ...
#.#####o)....o...)......
....
#......@#.###########...
..... #.#####.#.# ###
###' .._... #.#.. ..#
##≈ ....... #.#### #.#
#≈♣ #.#########.##.#≈♣
#..............#♣#
#.#########.#####♣ #.#
#.###.#≈ #.## #.##..†≈


You could see 2 orcs.

Vanquished Creatures
  An orc priest (D:3)
  An adder (D:2)
  A worm (D:3)
  4 orcs (D:3)
  6 goblins
  5 hobgoblins
  6 ball pythons
  4 bats
  3 frilled lizards
  14 kobolds
  4 rats
49 creatures vanquished.

Notes
Turn   | Place    | Note
-------+----------+-------------------------------------------
     0 | D:1      | smallpebble the Hill Orc Fighter began the quest for the
                  | Orb.
     0 | D:1      | Reached XP level 1. HP: 19/19 MP: 1/1
     5 | D:1      | Noticed an electric eel
   168 | D:1      | Reached XP level 2. HP: 22/27 MP: 2/2
   687 | D:2      | Found a faded altar of an unknown god.
   699 | D:2      | Became a worshipper of Vehumet
   699 | D:2      | Reached * piety under Vehumet
   699 | D:2      | Offered knowledge of Freeze by Vehumet.
   703 | D:2      | Learned a level 1 spell: Freeze
   821 | D:2      | Reached XP level 3. HP: 30/33 MP: 3/3
   885 | D:2      | Reached skill level 4 in Fighting
  1070 | D:2      | Found a hazy altar of Hepliaklqana.
  1156 | D:3      | Found a glowing silver altar of Zin.
  1246 | D:3      | Reached skill level 1 in Dodging
  1867 | D:3      | Reached XP level 4. HP: 33/40 MP: 4/4
  1902 | D:3      | Offered knowledge of Magic Dart by Vehumet.
  1956 | D:3      | Learned a level 1 spell: Magic Dart
  2018 | D:3      | HP: 2/40 [orc priest/divine providence (14)]
  2020 | D:3      | Slain by an orc

Skill      XL: |  1  2  3 |
---------------+----------+-----
Fighting       | 4 |  4.2
Dodging        | 1 |  1.3
Long Blades    | |  2.9
Armour         | |  3.9
Shields        | |  3.9

Action                   |  1- 3 |  4- 6 || total
-------------------------+-------+-------++-------
Melee: Long sword        |   100 |       ||   100
       Lajatang          |    21 |    26 ||    47
  Use: Scroll            |     1 |       ||     1
  Eat: Ration            |     1 |       ||     1
Armor: Ring mail         |    18 |       ||    18
       Scale mail        |    15 |    14 ||    29
Dodge: Dodged            |    52 |    15 ||    67
Block: Shield            |    52 |       ||    52
       Rpst.: Long sword |    10 |       ||    10
